 Dungeon Crawl Stone Soup version 0.20.1-1-g8b1a95d (webtiles) character file.

7 namelastname112 the Ducker (level 1, 0/10 HPs)
             Began as a Felid Chaos Knight on July 19, 2017.
             Slain by a giant cockroach (2 damage)
             ... on level 1 of the Dungeon.
             The game lasted 00:00:32 (422 turns).

namelastname112 the Ducker (Felid Chaos Knight)      Turns: 422, Time: 00:00:33

Health: 0/10       AC:  1    Str:  8    XL:     1   Next: 91%
Magic:  2/2        EV: 18    Int: 13    God:    Xom [....*.]
Gold:   16         SH:  0    Dex: 15    Spells: 0/0 levels left
                                        Lives:  0   Deaths: 0

rFire    . . .     SeeInvis +     - Unarmed
rCold    . . .     Gourm    .   (shield unavailable)
rNeg     . . .     Faith    .   (armour unavailable)
rPois    .         Spirit   .   (helmet unavailable)
rElec    .         Reflect  .   (cloak unavailable)
rCorr    .         Harm     .   (gloves unavailable)
MR       .....                  (boots unavailable)
Stlth    ++........             (no amulet)
Regen    0.1/turn               (no ring)
MPRegen  0.1/turn               (no ring)

@: quick
A: no armour, no weapons or thrown items, stealth, antennae 1, claws 1, fangs 3,
see invisible, carnivore 3, speed 1, shaggy fur 1, slow metabolism 1, sharp paws
a: Renounce Religion


You were on level 1 of the Dungeon.
You worshipped Xom.
You were a beloved toy of Xom.
You were not hungry.

You visited 1 branch of the dungeon, and saw 1 of its levels.

You collected 16 gold pieces.

Inventory:

Scrolls
 b - a scroll of identify {unknown}
 c - a scroll of remove curse {unknown}
Comestibles
 a - a meat ration


   Skills:
 + Level 3.1 Fighting
 + Level 3.3 Dodging
 + Level 1.1 Stealth
 * Level 3.1 Unarmed Combat


You couldn't memorise any spells.
You didn't know any spells.

Dungeon Overview and Level Annotations

Branches:
Dungeon (1/15)

Altars:
Xom


Innate Abilities, Weirdness & Mutations

You cannot wear armour.
You are incapable of wielding weapons or throwing items.
Your paws allow you to move quietly. (Stealth)
You have sharp claws.
You have razor-sharp teeth.
You have supernaturally acute eyesight. (SInv)
You are carnivorous and can eat meat at any time.
You cover ground quickly.
You are covered in fur. (AC +1)
You have a slow metabolism.
Your sharp claws are effective at attacking unaware monsters.
You have a pair of small antennae on your head.


Message History

The hobgoblin is almost dead.
The kobold hits you with a dagger.
* * * LOW HITPOINT WARNING * * *
The giant cockroach closely misses you. The hobgoblin misses you.
You are too injured to fight recklessly!
You are too injured to fight recklessly!
The kobold misses you.
You scratch the giant cockroach but do no damage.
The giant cockroach misses you.
You barely miss the giant cockroach. The giant cockroach closely misses you.
You scratch the giant cockroach.
The giant cockroach is moderately wounded.
The giant cockroach bites you but does no damage.
You barely miss the giant cockroach.
The giant cockroach is moderately wounded.
The giant cockroach closely misses you.
You scratch the giant cockroach but do no damage.
The giant cockroach is moderately wounded.
The giant cockroach bites you.
You die...

#.###.#
#.........#
##.#.##
#..##..#.##
#.#.#.# #..##..#.#
##.#.##
####..##..#.#
#.###.#
#.........#.# ####
##.#.##
##.##g###.#.# #...
## #.#.#.# #. #K#
..#.# ###... .#
##.#.## # #s#
.##.#####..... ##
#.###.# #@#
#..>........ .#
##.#.## #.#
#######..... ##
#.#.#.# #.# ###...
.# ##.#.## .#.
#..[ .# #.###.# #
# ##.# _# ##.#.##
#.# _###.#.#.# #.#
..##.#...# ##.#
..##....##
###############...


You could see a giant cockroach, a hobgoblin and a kobold.

Vanquished Creatures
  A giant cockroach (D:1)
  A goblin (D:1)
  2 hobgoblins (D:1)
  A kobold (D:1)
  A bat (D:1)
6 creatures vanquished.

Notes
Turn   | Place    | Note
-------+----------+-------------------------------------------
     0 | D:1      | namelastname112 the Felid Chaos Knight began the quest for the Orb.
     0 | D:1      | Reached XP level 1. HP: 10/10 MP: 2/2
    44 | D:1      | XOM: harmless Chrm miscast
   100 | D:1      | XOM: butterfly on damage
   175 | D:1      | XOM: harmless Conj miscast
   318 | D:1      | XOM: scenery: create altars
   388 | D:1      | XOM: give mutations
   388 | D:1      | Gained mutation: You have a pair of small antennae on your head. [Xom's grace]
   388 | D:1      | XOM: smoke on damage
   394 | D:1      | XOM: fog
   399 | D:1      | Reached skill level 1 in Stealth
   422 | D:1      | Slain by a giant cockroach

Skill      XL: |  1 |
---------------+----+-----
Stealth        | 1 |  1.1
Fighting       | |  3.1
Dodging        | |  3.3
Unarmed Combat | |  3.1

Action                   || total
-------------------------++-------
Melee: Unarmed           ||    31
       Bite              ||     2
       Punch             ||     1
Armor: Skin              ||     1
Dodge: Dodged            ||    33
